 Dungeon Crawl Stone Soup version 0.32-a0-913-g739538afd8 (webtiles) character file.

Game seed: 7452992846266764990

97484 kr4n3x the Brawler (level 15, -4/141 (142) HPs)
             Began as a Troll Gladiator on Apr 8, 2024.
             Was a High Priest of Wu Jian.
             Slain by a storm dragon skeleton (5 damage)
             ... on level 15 of the Dungeon.
             The game lasted 01:20:35 (21441 turns).

kr4n3x the Brawler (Troll Gladiator)               Turns: 21441, Time: 01:20:36

HP:   -4/141 (142)  AC: 16    Str: 26    XL:     15   Next: 72%
MP:   14/14         EV: 13    Int: 12    God:    Wu Jian [*****.]
Gold: 814           SH:  0    Dex: 15    Spells: 12/14 levels left

rFire   . .          .
                       - Unarmed
rCold   . . .        (no shield)
rNeg    . . .        z - +2 steam dragon scales
rPois   .            b - +0 hat
rElec   +            m - +2 cloak
rCorr   .            (gloves unavailable)
SInv    .            (boots unavailable)
Will    +....        V - amulet of Vitality {Regen++ RegenMP++}
Stlth   ++           J - ring of Fystres {rElec Int+6 Stlth+}
HPRegen 2.83/turn    O - +4 ring of protection
MPRegen 0.94/turn

%: no passive effects
@: studying Armour, lightly drained
A: large, unfitting armour, claws 3, regeneration 1, shaggy fur 1, tough skin 1,
frail 1
a: Renounce Religion, Wall Jump, Serpent's Lash, Heavenly Storm


You were on level 15 of the Dungeon.
You worshipped Wu Jian.
Wu Jian was extremely pleased with you.
You visited 4 branches of the dungeon, and saw 23 of its levels.
You also visited: Volcano.

You collected 2796 gold pieces.
You spent 1982 gold pieces at shops.


Innate Abilities, Weirdness & Mutations

You are too large for most types of armour.
You have claws for hands.
Your natural rate of healing is unusually fast.
You are covered in fur. (AC +1)
You have tough skin. (AC +1)
You are frail. (-10% HP)


   Skills:
 + Level 12.8 Fighting
 - Level 1.7 Throwing
 - Level 10.0 Dodging
 * Level 20.7 Unarmed Combat
 - Level 2.0 Translocations
 - Level 4.0 Evocations


You had 12 spell levels left.
You knew the following spells:

 Your Spells              Type           Power      Damage    Failure   Level
b - Blink                 Tloc           8%         N/A       22%         2

Your spell library contained the following spells:

 Spells                   Type           Power      Damage    Failure   Level
 Apportation              Tloc           8%         N/A       14%         1
 Lesser Beckoning         Tloc           8%         N/A       22%         2
 Kiss of Death            Conj/Necr      0%         2d5       32%         1
 Necrotise                Necr           0%         1d4       32%         1
 Sting                    Conj/Alch      0%         1d3       32%         1
 Summon Small Mammal      Summ           0%         N/A       32%         1
 Momentum Strike          Conj/Tloc      4%         3d8       32%         2
 Mercury Vapours          Alch/Air       0%         N/A       45%         2
 Call Canine Familiar     Summ           0%         N/A       69%         3
 Confusing Touch          Hex            0%         N/A       69%         3
 Dispel Undead            Necr           0%         3d6       97%         4
 Olgreb's Toxic Radiance  Alch           0%         N/A       97%         4
 Summon Blazeheart Golem  Fire/Summ      0%         N/A       97%         4
 Alistair's Intoxication  Alch           0%         N/A       100%        5
 Borgnjor's Vile Clutch   Necr/Erth      0%         N/A       100%        5
 Eringya's Noxious Bog    Alch           0%         4d6       100%        6

Inventory:

Hand Weapons
 Y - a +0 trident
   (You took it off a red devil on level 5 of the Lair of Beasts)
Missiles
 c - 7 throwing nets {=f!f}
 d - 30 large rocks {=f}
 f - 170 stones
 l - a curare-tipped dart {=f}
 q - 5 atropa-tipped darts
 y - 12 boomerangs
 B - 50 poisoned darts
 M - 9 javelins
Armour
 b - a +0 hat (worn)
 m - a +2 cloak (worn)
   (You found it on level 5 of the Dungeon)
 z - +2 steam dragon scales (worn)
   (You took it off Maggie on level 8 of the Dungeon)
Magical Staves
 P - a staff of conjuration {!a}
   (You took it off Nessos on level 3 of the Lair of Beasts)
Jewellery
 g - an amulet of regeneration
   (You bought it in a shop on level 4 of the Dungeon)
 D - a +6 ring of dexterity
   (You found it on level 4 of the Lair of Beasts)
 F - a ring of fire
   (You found it on level 3 of the Dungeon)
 J - the ring of Fystres (left claw) {rElec Int+6 Stlth+}
   (You found it on level 1 of the Lair of Beasts)

   [ring of intelligence]

   Int+6:     It affects your intelligence (+6).
   rElec:     It insulates you from electricity.
   Stlth+:    It makes you more stealthy.
 N - an amulet of reflection
   (You found it on level 4 of the Lair of Beasts)
 O - a +4 ring of protection (right claw)
   (You took it off Erica on level 8 of the Dungeon)
 R - a ring of resist corrosion
   (You found it on level 3 of the Dungeon)
 V - the amulet of Vitality (around neck) {Regen++ RegenMP++}
   (You bought it in a shop on level 11 of the Dungeon)

   [amulet of nothing]

   Regen++:   It increases your rate of health regeneration.
   RegenMP++: It increases your rate of magic regeneration.
 W - a ring of magical power
   (You found it on level 4 of the Lair of Beasts)
 Z - a ring of willpower
   (You found it on level 13 of the Dungeon)
Wands
 k - a wand of flame (44)
   (You found it on level 5 of the Dungeon)
 o - a wand of quicksilver (9)
   (You found it on level 6 of the Dungeon)
 u - a wand of mindburst (22) (quivered)
   (You found it on level 8 of the Dungeon)
 w - a wand of charming (10)
   (You took it off an orc on level 8 of the Dungeon)
 X - a wand of digging (3)
   (You found it on level 5 of the Lair of Beasts)
Scrolls
 i - 5 scrolls of teleportation {@r4}
 j - 2 scrolls of revelation
 t - 2 scrolls of poison {!r}
 v - 4 scrolls of immolation {!r!r}
 C - a scroll of noise {!r}
 E - a scroll of fog
 I - 2 scrolls of blinking {!r}
 L - 16 scrolls of identify {@r1}
 S - 2 scrolls of fear
 T - 4 scrolls of vulnerability {!r!r}
 U - a scroll of enchant armour
Potions
 a - 5 potions of brilliance
 e - 4 potions of lignification {!q}
 h - 2 potions of invisibility
 n - 6 potions of attraction {!q}
 p - 5 potions of curing {@q1}
 r - a potion of might
 s - 2 potions of cancellation
 x - a potion of heal wounds {@q2}
 A - 4 potions of mutation {!q}
 G - 2 potions of magic
 H - 2 potions of resistance
 K - 3 potions of haste {@q3}
 Q - a potion of enlightenment

Dungeon Overview and Level Annotations

Branches:
Dungeon (15/15) Zot: 26700  Temple (1/1) D:7 Zot: 5979    Lair (5/5) D:10 Zot: 24799
 Shoals (0/4) Lair:2       Spider (0/4) Lair:2        Slime (0/5) Lair:5
    Orc (2/2) D:11 Zot: 9641     Elf (0/3) Orc:2        Vaults (0/5) D:13
 Depths (0/4) D:15        Volcano (visited)

Altars:
Ashenzari
Cheibriados
Dithmenos
Elyvilon
Fedhas
Gozag
Hepliaklqana
Kikubaaqudgha
Makhleb
Nemelex Xobeh
Okawaru
Qazlal
Ru
Sif Muna
Trog
Uskayaw
Vehumet
Wu Jian
Xom
Yredelemnul
Zin
The Shining One
Beogh

Shops:
D:2 (   D:4 *   D:5 !   D:7 ?   D:11 =   D:13 ?   D:15 **   Orc:2 [(*=

Portals:
Hell: Lair:5

Annotations:
D:2 1 runed translucent door, Crazy Yiuf
D:9 exclusion: downstairs
D:12 2 transporters
D:13 2 transporters
D:14 2 transporters, FireVortex's ghost, adept CoBe

.......#####... .....
...............$. .....
................). .....
....ß............. .....
....ß..ß......... .....
.!...ß.........###+#####
...ß...........#........
..>...))z......#........
P.....Z@P.....?#........
....P..........#........
.....P.........'........
...............#####....
.....P.............#....
°R....P............#....
..................<#.#'#
########...........###..
#................


You could see a skeletal warrior, an efreet and a storm dragon skeleton.


Message History

The jiangshi closely misses you. The laughing skull closely misses you.
The jiangshi claws you!
The jiangshi draws strength from your injuries!
The jiangshi closely misses you.
The skeletal warrior hits you with a +0 scimitar!
Something hits you but does no damage.
Something bites you but does no damage. 😮 HP[-22]
You take 22 damage, and now have 83/137 hp.
You barely miss something.
The laughing skull barely misses you. 😮 HP[+1]
You eviscerate something!!! The Council accepts your kill.
Reactivating autopickup.
The jiangshi disappears in a puff of smoke!
The laughing skull disappears in a puff of smoke!
You feel a bit more experienced.
The skeletal warrior closely misses you. 😮 HP[+2]
You now have 139 max hp (+2).
You regained 2 hp, and now have 86/139 hp.
You spin and attack the skeletal warrior.
You mangle the skeletal warrior!! You claw the skeletal warrior!!
The storm dragon skeleton bites you but does no damage.
The storm dragon skeleton claws you but does no damage.
The storm dragon skeleton tramples you but does no damage.
The skeletal warrior hits you with a +0 scimitar!!
* * * LOW HITPOINT WARNING * * *
You see here a +0 robe. 😨 HP[-17]
You take 17 damage, and now have 69/139 hp.
You barely miss the skeletal warrior. 😮 HP[+1]
You claw the skeletal warrior! The storm dragon skeleton bites you.
* * * LOW HITPOINT WARNING * * *
The storm dragon skeleton claws you but does no damage.
The storm dragon skeleton tramples you but does no damage.
The skeletal warrior closely misses you.
The skeletal warrior hits you but does no damage.
The skeletal warrior completely misses you. 😨 HP[-4]
You take 4 damage, and now have 66/139 hp.
You eviscerate the skeletal warrior!!!
You destroy the skeletal warrior!
The Council accepts your kill.
The storm dragon skeleton bites you but does no damage.
The storm dragon skeleton claws you but does no damage.
The storm dragon skeleton barely misses you.
The skeletal warrior barely misses you. x2 😨 HP[+2]
You now have 141 max hp (+2).
You regained 2 hp, and now have 68/141 hp.
Unknown command.
You completely miss the skeletal warrior.
Your claw misses the skeletal warrior. 😨 HP[+2]
You regained 2 hp, and now have 70/141 hp.
You scratch the skeletal warrior. Your claw misses the skeletal warrior.
The skeletal warrior closely misses you.
The skeletal warrior hits you with a +0 flail!
* * * LOW HITPOINT WARNING * * *
The storm dragon skeleton bites you!
* * * LOW HITPOINT WARNING * * *
The storm dragon skeleton closely misses you.
The storm dragon skeleton completely misses you. 😨 HP[-21]
You take 21 damage, and now have 49/141 hp.
You are too injured to fight recklessly!
You scratch the skeletal warrior but do no damage.
Your claw misses the skeletal warrior.
The skeletal warrior hits you with a +0 mace!
* * * LOW HITPOINT WARNING * * *
An efreet comes into view.
It is wielding a +0 scimitar of flaming.
The skeletal warrior hits you with a +0 flail!
* * * LOW HITPOINT WARNING * * *
The storm dragon skeleton barely misses you. x2
The storm dragon skeleton closely misses you. 😱 HP[-30]
You take 30 damage, and now have 19/141 hp.
MASSIVE DAMAGE!! (PAUSE)
You barely miss the skeletal warrior. 😱 HP[+2]
You regained 2 hp, and now have 21/141 hp.
You eviscerate the skeletal warrior!!!
You hear a shout!
The skeletal warrior completely misses you.
The skeletal warrior hits you with a +0 flail!!
* * * LOW HITPOINT WARNING * * *
The storm dragon skeleton barely misses you.
The storm dragon skeleton claws you but does no damage.
The storm dragon skeleton tramples you but does no damage. 😱 HP[-20]
You take 20 damage, and now have 1/141 hp.
You claw the skeletal warrior!
You destroy the skeletal warrior!
The Council accepts your kill. The storm dragon skeleton bites you.
* * * LOW HITPOINT WARNING * * *
The storm dragon skeleton claws you but does no damage.
The storm dragon skeleton tramples you.
You die...

Skill      XL: |  1  2  3  4  5  6  7  8  9 10 11 12 13 14 15 |
---------------+----------------------------------------------+-----
Fighting       | 2 3 4 5 6 7 8 9 10 11 12 | 12.8
Unarmed Combat | 4 5 6 7 9 10 12 13 15 17 19 20 | 20.7
Dodging        | 3 4 5 6 7 8 9 10 | 10.0
Evocations     | 2 4 |  4.0
Translocations | 2 |  2.0
Throwing       | |  1.7

Action                     |  1- 3 |  4- 6 |  7- 9 | 10-12 | 13-15 || total
---------------------------+-------+-------+-------+-------+-------++-------
  Melee: Unarmed           |    99 |   100 |   341 |   720 |  1111 ||  2371
         Punch             |     2 |     4 |    10 |    53 |   133 ||   202
  Throw: Dart              |       |       |       |       |     3 ||     3
 Invoke: Serpent's Lash    |       |       |       |     3 |     6 ||     9
         Heavenly Storm    |       |       |       |     1 |     2 ||     3
Ability: Lunge             |       |       |     9 |    67 |   121 ||   197
         Whirlwind         |       |       |       |   215 |   277 ||   492
         Wall Jump         |       |       |       |     2 |       ||     2
  Evoke: Wand              |       |       |       |     5 |    30 ||    35
    Use: Scroll            |       |     7 |     7 |    10 |     4 ||    28
         Potion            |       |       |     4 |     1 |     8 ||    13
   Stab: Sleeping          |     2 |     2 |     1 |     4 |    10 ||    19
         Distracted        |       |       |       |     1 |       ||     1
         Invisible         |       |       |       |       |     2 ||     2
 Armour: Robe              |    49 |    76 |   211 |       |       ||   336
         Skin              |       |       |    13 |       |    38 ||    51
         Steam dragon scal |       |       |       |   369 |   590 ||   959
  Dodge: Dodged            |    40 |    47 |   130 |   313 |   481 ||  1011

Levels and vault maps discovered:
D:1:      dpeg_arrival_boxorama, layout_basic, roderic_filled_cross
D:2:      layout_loops_ring, basic_altar, serial_shops, shop,
          nicolae_ecumenical_pavilion, chequers_serial_rivers_micro_e,
          uniq_crazy_yiuf_cottage
D:3:      layout_loops_cross, grunt_temple_overflow_growth_and_decay,
          uniq_jessica
D:4:      layout_rooms, nicolae_shop_sticking_my_neck_out, uniq_eustachio
D:5:      lemuel_castle_with_subvaults [lemuel_castle_interior_original],
          layout_loops_corners, serial_shops, kennysheep_mini_moat
D:6:      layout_basic, lemuel_doored_altar, abandoned_shop, dk_vineyard_1
D:7:      kennysheep_kobold_camp, layout_layer_cave, minmay_temple_entry_grid,
          serial_shops, shop, uniq_menkaure
D:8:      black_bear_nest_2, layout_loops_corners, uniq_maggie, uniq_erica,
          uniq_psyche
D:9:      layout_irregular_city, nicolae_qazlal_scattered_showers
D:10:     layout_cave_pools, hellmonk_lair_entry_icy, minmay_shattered_shrine
D:11:     layout_roguey, orc_0_dummy, serial_shops, shop_fountains, uniq_harold
D:12:     gammafunk_boulding_lane, layout_irregular_city
D:13:     gammafunk_cloud_chamber, layout_basic, grunt_vaults_entry_tiered,
          serial_shops, shop
D:14:     layout_roguey, gammafunk_ghost_wrathful_warriors,
          minmay_misc_feat_diagonals, grunt_decor_junction
D:15:     gammafunk_depths_entry_grave, layout_irregular_city,
          nicolae_dithmenos_the_darkroom, nicolae_specific_store, uniq_azrael
Temple:   nicolae_temple_bog_church
Lair:1:   layout_regular_city, minivault_23
Lair:2:   layout_gridlike, elwin_shoals_entry_rooms, spider_nest_entry_webs,
          grunt_megastairs_2
Lair:3:   layout_loops_ring, uniq_urug, uniq_nessos
Lair:4:   layout_regular_city, nicolae_quartered_pool_impasse,
          lemuel_fruit_fields
Lair:5:   evil_forest, layout_cave_pods, slime_entry_1, enter_volcano_1,
          st_stairs_7, infiniplex_staircase_pool_2
Orc:1:    layout_caves, basic_altar, lightli_orcish_oven
Orc:2:    grunt_orc_cross, layout_caves, basic_altar, david_defended_altar_orc,
          uniq_rupert

Notes
Turn   | Place    | Note
-------+----------+-------------------------------------------
     0 | D:1      | kr4n3x the Troll Gladiator began the quest for the Orb.
     0 | D:1      | Reached XP level 1. HP: 19/19 MP: 0/0
     0 | D:1      | magus.rc [v1.11.7]
   174 | D:1      | Reached XP level 2. HP: 28/28 MP: 1/1
   640 | D:1      | Reached skill level 2 in Fighting
   641 | D:1      | Reached XP level 3. HP: 32/35 MP: 2/2
   731 | D:2      | Found a faded altar of an unknown god.
   953 | D:2      | Found a radiant altar of Vehumet.
   965 | D:2      | Reached skill level 4 in Unarmed Combat
  1011 | D:2      | Found Nuitaisofa's Weapon Boutique.
  1141 | D:2      | Reached XP level 4. HP: 39/42 MP: 3/3
  1426 | D:2      | Found a runed translucent door.
  1427 | D:2      | Noticed Crazy Yiuf
  1481 | D:3      | Found an ancient bone altar of Kikubaaqudgha.
  1487 | D:3      | Found a blossoming altar of Fedhas.
  1638 | D:3      | Reached skill level 3 in Dodging
  1816 | D:3      | Noticed Jessica
  1825 | D:3      | Killed Jessica
  1879 | D:3      | Reached XP level 5. HP: 50/50 MP: 4/4
  2350 | D:4      | Found Ofaguon's Neck Hole.
  2386 | D:4      | Noticed Eustachio
  2423 | D:4      | Reached skill level 5 in Unarmed Combat
  2456 | D:4      | Reached XP level 6. HP: 58/59 MP: 5/5
  2466 | D:4      | Identified the +0 ring mail of the Enchanted Forest {rC+
                  | SInv}
  2612 | D:4      | Reached skill level 3 in Fighting
  2794 | D:4      | Killed Eustachio
  2851 | D:5      | Entered Level 5 of the Dungeon
  2882 | D:5      | Reached skill level 6 in Unarmed Combat
  2882 | D:5      | Reached XP level 7. HP: 38/67 MP: 6/6
  2968 | D:5      | Reached skill level 4 in Dodging
  3269 | D:5      | You add the spells Summon Small Mammal, Call Canine
                  | Familiar and Summon Blazeheart Golem to your library.
  3404 | D:5      | Reached skill level 4 in Fighting
  3404 | D:5      | Reached skill level 7 in Unarmed Combat
  3449 | D:5      | Identified the +5 hand axe "Qoux" {flame, rF+ Will- Stlth+}
  3511 | D:5      | Reached XP level 8. HP: 68/78 MP: 7/7
  3774 | D:5      | Found Wuvual's Distillery.
  3777 | D:5      | Bought a potion of heal wounds for 70 gold pieces
  3777 | D:5      | Bought a potion of curing for 42 gold pieces
  3912 | D:6      | HP: 18/79 [orc warrior/+0 glaive (16)]
  3913 | D:6      | HP: 7/79 [orc warrior/+0 glaive (12)]
  3920 | D:6      | HP: 26/118 [orc warrior/+0 glaive (10)]
  3922 | D:6      | Reached skill level 8 in Unarmed Combat
  4116 | D:6      | Found a glowing silver altar of Zin.
  4310 | D:6      | Reached skill level 5 in Dodging
  5114 | D:7      | Noticed Menkaure
  5121 | D:7      | HP: 17/79 [kobold/+0 whip (4)]
  5383 | D:7      | Killed Menkaure
  5384 | D:7      | Reached skill level 5 in Fighting
  5637 | D:7      | Found a staircase to the Ecumenical Temple.
  5648 | Temple   | Entered the Ecumenical Temple
  5658 | Temple   | Became a worshipper of the Wu Jian Council
  5734 | D:7      | Reached skill level 9 in Unarmed Combat
  5734 | D:7      | Reached XP level 9. HP: 78/88 MP: 8/8
  6148 | D:7      | Found Bosmir's Magic Scroll Emporium.
  6175 | D:7      | Bought a scroll of identify for 30 gold pieces
  6743 | D:8      | You add the spells Kiss of Death, Confusing Touch and
                  | Dispel Undead to your library.
  6936 | D:8      | You add the spells Sting, Necrotise and Apportation to your
                  | library.
  7051 | D:8      | Noticed Erica
  7065 | D:8      | Killed Erica
  7066 | D:8      | Reached skill level 6 in Dodging
  7066 | D:8      | Reached skill level 10 in Unarmed Combat
  7200 | D:8      | Reached skill level 6 in Fighting
  7321 | D:8      | Noticed Psyche
  7331 | D:8      | Killed Psyche
  7511 | D:8      | Noticed Maggie
  7527 | D:8      | Killed Maggie
  7528 | D:8      | Reached XP level 10. HP: 83/98 MP: 9/9
  7664 | D:9      | Reached * piety under Wu Jian
  7828 | D:4      | Bought an amulet of regeneration for 300 gold pieces
  7961 | D:5      | Reached skill level 11 in Unarmed Combat
  8202 | D:5      | Reached ** piety under Wu Jian
  8817 | D:9      | Found a stormy altar of Qazlal.
  9164 | D:10     | Entered Level 10 of the Dungeon
  9169 | D:10     | Reached skill level 1 in Evocations
  9192 | D:10     | Reached skill level 7 in Dodging
  9324 | D:10     | Found a staircase to the Lair.
  9336 | D:10     | Reached skill level 2 in Evocations
  9340 | D:10     | Reached skill level 7 in Fighting
  9341 | D:10     | Reached skill level 12 in Unarmed Combat
  9345 | D:10     | Reached *** piety under Wu Jian
  9346 | D:10     | magus.rc [v1.11.7]
  9346 | D:10     | magus.rc [v1.11.7]
  9417 | D:10     | Reached XP level 11. HP: 109/109 MP: 10/10
  9774 | D:10     | You add the spells Blink, Momentum Strike and Lesser
                  | Beckoning to your library.
  9824 | D:10     | Noticed a deep elf pyromancer
  9831 | D:10     | Killed a deep elf pyromancer
  9831 | D:10     | Reached skill level 3 in Evocations
  9903 | D:10     | Noticed an orc knight
 10006 | Lair:1   | Entered Level 1 of the Lair of Beasts
 10182 | Lair:1   | Reached **** piety under Wu Jian
 10240 | Lair:1   | Reached skill level 13 in Unarmed Combat
 10244 | Lair:1   | Reached skill level 8 in Dodging
 10375 | Lair:1   | Identified the ring of Fystres {rElec Int+6 Stlth+}
 10576 | Lair:1   | Reached skill level 8 in Fighting
 10576 | Lair:1   | Reached skill level 4 in Evocations
 10908 | Lair:2   | Noticed a skyshark
 10919 | Lair:2   | Killed a skyshark
 10929 | Lair:2   | Reached XP level 12. HP: 66/119 MP: 11/11
 10961 | Lair:2   | You add the spells Alistair's Intoxication, Borgnjor's Vile
                  | Clutch and Eringya's Noxious Bog to your library.
 11190 | Lair:2   | Found a hole to the Spider Nest.
 11213 | Lair:2   | Reached skill level 14 in Unarmed Combat
 11218 | Lair:2   | Reached ***** piety under Wu Jian
 11307 | Lair:2   | Found a staircase to the Shoals.
 11810 | Lair:3   | Reached skill level 9 in Dodging
 11855 | Lair:3   | Noticed a death yak
 11858 | Lair:3   | Noticed a death yak
 11885 | Lair:3   | Noticed a death yak
 11885 | Lair:3   | Noticed a death yak
 11887 | Lair:3   | Killed a death yak
 11887 | Lair:3   | Noticed a death yak
 11898 | Lair:3   | Killed a death yak
 11903 | Lair:3   | Killed a death yak
 11904 | Lair:3   | Reached skill level 9 in Fighting
 11905 | Lair:3   | Killed a death yak
 11906 | Lair:3   | Reached skill level 15 in Unarmed Combat
 11911 | Lair:3   | Killed a death yak
 11958 | Lair:3   | Noticed Urug
 11967 | Lair:3   | Killed Urug
 12019 | Lair:3   | Noticed Nessos
 12254 | Lair:3   | magus.rc [v1.11.7]
 12402 | Lair:3   | Reached XP level 13. HP: 124/131 MP: 12/12
 12459 | Lair:3   | Killed Nessos
 13149 | Lair:4   | Reached skill level 16 in Unarmed Combat
 13734 | D:11     | Reached skill level 10 in Dodging
 13813 | D:11     | You add the spells Mercury Vapours and Olgreb's Toxic
                  | Radiance to your library.
 13927 | D:11     | Noticed Harold
 13937 | D:11     | Killed Harold
 13965 | D:11     | Reached skill level 10 in Fighting
 13968 | D:11     | HP: 32/133 [boulder beetle (16)]
 13970 | D:11     | HP: 14/133 [orc warrior/+0 glaive (10)]
 13982 | D:11     | HP: 27/133 [boulder beetle (14)]
 14214 | D:11     | Found a staircase to the Orcish Mines.
 14316 | D:11     | Found Yhext's Jewellery Boutique.
 14493 | Orc:1    | Entered Level 1 of the Orcish Mines
 14592 | Orc:1    | Learned a level 2 spell: Blink
 14620 | Orc:1    | Found a bloodstained altar of Trog.
 14722 | Orc:2    | Entered Level 2 of the Orcish Mines
 14722 | Orc:2    | Noticed Rupert
 14746 | Orc:2    | Found a roughly hewn altar of Beogh.
 14982 | Orc:2    | Reached skill level 1 in Translocations
 15160 | Orc:2    | Gained mutation: You are frail. (-10% HP) [a neqoxec]
 15168 | Orc:2    | Reached skill level 17 in Unarmed Combat
 15434 | Orc:2    | Found a roughly hewn altar of Beogh.
 15488 | Orc:2    | Paralysed by an orc sorcerer for 2 turns
 15513 | Orc:2    | Reached skill level 2 in Translocations
 15553 | Orc:2    | Found a roughly hewn altar of Beogh.
 15580 | Orc:2    | Reached XP level 14. HP: 104/123 MP: 13/13
 15646 | Orc:2    | Noticed an orc warlord
 15773 | Orc:2    | Killed an orc warlord
 15800 | Orc:2    | Found Cueshun's General Store.
 15816 | Orc:2    | Found Zearixt's Antique Armour Boutique.
 15925 | Orc:2    | Noticed an orc warlord
 15949 | Orc:2    | Killed an orc warlord
 16111 | Orc:2    | Killed Rupert
 16114 | Orc:2    | a +4 triple sword of holy wrath {rare}; a +0 scale mail;
                  | the human corpse of Rupert
 16269 | Orc:2    | Found Limaf's Antique Weapon Boutique.
 16304 | Orc:2    | Found a staircase to the Elven Halls.
 16405 | Orc:2    | Found Radghiom's Jewellery Boutique.
 16611 | Orc:1    | Reached skill level 11 in Fighting
 17007 | Lair:5   | Entered Level 5 of the Lair of Beasts
 17022 | Lair:5   | Reached skill level 18 in Unarmed Combat
 17049 | Lair:5   | Found a dark tunnel.
 17060 | Volcano  | Entered a volcano
 17630 | D:11     | Bought the amulet of Vitality {Regen++ RegenMP++} for 1400
                  | gold pieces
 17630 | D:11     | Found the amulet of Vitality {Regen++ RegenMP++}
 17810 | Lair:5   | Found a staircase to the Slime Pits.
 18293 | Lair:5   | Reached skill level 19 in Unarmed Combat
 18740 | Lair:5   | Found a burning altar of Makhleb.
 18817 | Lair:5   | Found a gateway to Hell.
 19031 | D:12     | Reached ****** piety under Wu Jian
 19147 | D:12     | Reached XP level 15. HP: 140/140 MP: 14/14
 19175 | D:12     | Reached skill level 12 in Fighting
 19364 | D:12     | Found a transporter.
 19368 | D:12     | Found a transporter.
 19888 | D:13     | Found a gate to the Vaults.
 20000 | D:13     | Found a transporter.
 20003 | D:13     | Found Pymaxiq's Magic Scroll Boutique.
 20125 | D:13     | Found a transporter.
 20128 | D:13     | Noticed an acid blob
 20145 | D:13     | Noticed an acid blob
 20447 | D:14     | Reached skill level 20 in Unarmed Combat
 20646 | D:14     | Found a transporter.
 20646 | D:14     | Found a transporter.
 20682 | D:14     | Found a bloodstained altar of Trog.
 20682 | D:14     | Noticed FireVortex's ghost (adept CoBe)
 20727 | D:14     | HP: 35/142 [skeletal warrior/+0 halberd (6)]
 20761 | D:14     | magus.rc [v1.11.7]
 21125 | D:15     | Entered Level 15 of the Dungeon
 21187 | D:15     | Found Bosav's General Store.
 21193 | D:15     | Found Gimuohes's Specific Store.
 21210 | D:15     | Bought a potion of haste for 140 gold pieces
 21360 | D:15     | Noticed Azrael
 21378 | D:15     | Killed Azrael
 21423 | D:15     | Found a staircase to the Depths.
 21438 | D:15     | HP: 35/141 [skeletal warrior/+0 mace (15)]
 21440 | D:15     | HP: 1/141 [skeletal warrior/+0 flail (22)]
 21441 | D:15     | Slain by a storm dragon skeleton

Vanquished Creatures
  Rupert (Orc:2)
  2 orc warlords (Orc:2)
  A dire elephant (Lair:5)
  Nessos (Lair:3)
  Azrael (D:15)
  A vault guard (D:13)
  3 hydras
  Harold (D:11)
  A catoblepas (D:15)
  An ogre mage (Orc:2)
  3 centaur warriors
  4 two-headed ogres
  2 boulder beetles (D:11)
  Erica (D:8)
  An orc high priest (Orc:2)
  5 death yaks (Lair:3)
  3 tengu warriors
  Urug (Lair:3)
  A vampire mage (D:15)
  2 skysharks
  6 skeletal warriors
  A sixfirhy (Lair:5)
  A storm dragon skeleton (D:15)
  2 deep elf archers (Volcano)
  2 arcanists
  A lindwurm (Lair:4)
  8 deep elf pyromancers
  An obsidian bat (Orc:2)
  3 necromancers
  7 cyclopes
  4 orc knights
  13 ugly things
  6 orc sorcerers (Orc:2)
  2 manticores
  15 elephants
  3 kobold blastminers
  A merfolk siren (Lair:2)
  2 black mambas
  A smoke demon (Lair:5)
  An unseen horror (D:11)
  11 cane toads
  Maggie (D:8)
  3 ice devils (Lair:5)
  4 komodo dragons
  5 rime drakes
  2 tengu conjurers
  3 kobold demonologists
  Psyche (D:8)
  4 trolls
  A merfolk (Lair:2)
  3 red devils (Lair:5)
  2 hornets
  A queen bee (shapeshifter) (D:13)
  14 blink frogs
  8 dream sheep (Lair:5)
  A polar bear (Lair:5)
  4 slime creatures (D:12)
  7 wyverns
  A shadow (D:10)
  20 humans (D:13)
  3 wraiths
  61 yaks
  Eustachio (D:4)
  5 fire elementals
  3 basilisks
  2 wargs
  3 redbacks (Lair:2)
  Menkaure (D:7)
  An acid dragon (D:10)
  11 hell hounds
  9 water moccasins
  6 ice beasts
  2 sky beasts (D:7)
  25 orc warriors
  3 black bears
  8 ogres
  16 wolves
  9 centaurs
  3 phantoms
  3 kobold brigands
  10 bullfrogs
  3 gnoll sergeants
  2 scorpions
  5 killer bees (D:10)
  8 howler monkeys
  A bombardier beetle (D:7)
  21 orc priests
  7 hounds
  2 gnoll boudas (D:5)
  5 iguanas
  Jessica (D:3)
  2 sleepcaps (D:5)
  23 orc wizards
  19 hell rats
  40 gnolls
  10 adders
  A shadow imp (D:8)
  2 white imps
  4 ufetubi
  2 dart slugs (D:1)
  66 orcs
  4 ball pythons
  12 endoplasms
  4 giant cockroaches
  3 goblins
  13 hobgoblins
  16 jackals
  4 quokkas
  3 bats
  5 frilled lizards
  34 kobolds
  4 rats
723 creatures vanquished.

Vanquished Creatures (others)
  A vault guard (D:13)
  2 orc wizards (Orc:1)
  An orc (Orc:2)
4 creatures vanquished.

Grand Total: 727 creatures vanquished

Table legend:
 A = Non-vault XP
 B = Vault XP
 C = Vault XP percentage of total XP
 D = Non-vault monster count
 E = Vault monster count
 F = Vault count percentage of total count
                 A         B        C        D         E       F
            +---------+---------+-------+---------+---------+-------
      Total |   83702 |   56320 |  40.2 |     481 |     244 |  33.7
            +---------+---------+-------+---------+---------+-------
        D:1 |      42 |       0 |   0.0 |      22 |       0 |   0.0
        D:2 |      82 |       0 |   0.0 |      27 |       0 |   0.0
        D:3 |      89 |      37 |  29.4 |      19 |       1 |   5.0
        D:4 |     216 |     196 |  47.6 |      13 |       1 |   7.1
        D:5 |     902 |     862 |  48.9 |      32 |      54 |  62.8
        D:6 |     741 |       2 |   0.3 |      17 |       1 |   5.6
        D:7 |     742 |     292 |  28.2 |      11 |      19 |  63.3
        D:8 |     863 |    1651 |  65.7 |      11 |       4 |  26.7
        D:9 |     746 |       0 |   0.0 |      20 |       0 |   0.0
       D:10 |    2797 |    4241 |  60.3 |      22 |      19 |  46.3
       D:11 |    5416 |     865 |  13.8 |      20 |       1 |   4.8
       D:12 |    7097 |       0 |   0.0 |      20 |       0 |   0.0
       D:13 |    2724 |    7139 |  72.4 |       8 |      25 |  75.8
       D:14 |   15019 |       0 |   0.0 |      31 |       0 |   0.0
       D:15 |    2000 |    5544 |  73.5 |       3 |      12 |  80.0
     Lair:1 |    6193 |       0 |   0.0 |      29 |       0 |   0.0
     Lair:2 |    6681 |    1921 |  22.3 |      31 |      12 |  27.9
     Lair:3 |   10573 |    1815 |  14.7 |      34 |       2 |   5.6
     Lair:4 |    6624 |       0 |   0.0 |      17 |       0 |   0.0
     Lair:5 |    6089 |   11199 |  64.8 |      28 |      27 |  49.1
      Orc:1 |    2977 |     764 |  20.4 |      33 |       8 |  19.5
      Orc:2 |    5089 |   12808 |  71.6 |      33 |      42 |  56.0
    Volcano |       0 |    6984 | 100.0 |       0 |      16 | 100.0
            +---------+---------+-------+---------+---------+-------

Skill      XL: |  1  2  3  4  5  6  7  8  9 10 11 12 13 14 15 |
---------------+----------------------------------------------+-----
Fighting       | 2 3 4 5 6 7 8 9 10 11 12 | 12.8
Unarmed Combat | 4 5 6 7 9 10 12 13 15 17 19 20 | 20.7
Dodging        | 3 4 5 6 7 8 9 10 | 10.0
Evocations     | 2 4 |  4.0
Translocations | 2 |  2.0
Throwing       | |  1.7

Action                     |  1- 3 |  4- 6 |  7- 9 | 10-12 | 13-15 || total
---------------------------+-------+-------+-------+-------+-------++-------
  Melee: Unarmed           |    99 |   100 |   341 |   720 |  1111 ||  2371
         Punch             |     2 |     4 |    10 |    53 |   133 ||   202
  Throw: Dart              |       |       |       |       |     3 ||     3
 Invoke: Serpent's Lash    |       |       |       |     3 |     6 ||     9
         Heavenly Storm    |       |       |       |     1 |     2 ||     3
Ability: Lunge             |       |       |     9 |    67 |   121 ||   197
         Whirlwind         |       |       |       |   215 |   277 ||   492
         Wall Jump         |       |       |       |     2 |       ||     2
  Evoke: Wand              |       |       |       |     5 |    30 ||    35
    Use: Scroll            |       |     7 |     7 |    10 |     4 ||    28
         Potion            |       |       |     4 |     1 |     8 ||    13
   Stab: Sleeping          |     2 |     2 |     1 |     4 |    10 ||    19
         Distracted        |       |       |       |     1 |       ||     1
         Invisible         |       |       |       |       |     2 ||     2
 Armour: Robe              |    49 |    76 |   211 |       |       ||   336
         Skin              |       |       |    13 |       |    38 ||    51
         Steam dragon scal |       |       |       |   369 |   590 ||   959
  Dodge: Dodged            |    40 |    47 |   130 |   313 |   481 ||  1011

Illustrated notes

Table legend:
 A = Kills in this place as a percentage of kills in the entire game.
 B = Kills by you in this place as a percentage of kills by you in the entire game.
 C = Kills by friends in this place as a percentage of kills by friends in the entire game.
 D = Other kills in this place as a percentage of other kills in the entire game.
 E = Experience gained in this place as a percentage of experience gained in the entire game.
 F = Experience gained in this place divided by the number of levels of this place that you have seen.
                   A       B       C       D       E      F
               +-------+-------+-------+-------+-------+----------------------
         Total | 100.0 | 100.0 |   N/A | 100.0 | 100.0 | 5834.2
       Dungeon |  57.0 |  57.0 |   N/A |  50.0 |  43.1 | 4020.3
          Lair |  24.8 |  24.9 |   N/A |   0.0 |  36.5 | 10219.0
  Orcish Mines |  16.0 |  15.9 |   N/A |  50.0 |  15.5 | 10819.0
       Volcano |   2.2 |   2.2 |   N/A |   0.0 |   5.0 | 6984.0
               +-------+-------+-------+-------+-------+----------------------

Table legend: (Time is in decaauts)
 A = Elapsed time spent in this place.
 B = Non-inter-level travel time spent in this place.
 C = Inter-level travel time spent in this place.
 D = Time resting spent in this place.
 E = Time spent auto-exploring this place.
 F = Levels seen in this place.
 G = Mean time per level.
                   A        B        C        D        E       F      G
               +--------+--------+--------+--------+--------+-----+--------+
         Total |  21182 |  19476 |   1706 |   1157 |  14285 |  24 |  882.6 |
       Dungeon |  13395 |  12378 |   1017 |    396 |   9700 |  15 |  893.0 |
        Temple |     20 |      2 |     18 |      0 |      0 |   1 |   20.0 |
          Lair |   5200 |   4665 |    535 |    173 |   3521 |   5 | 1040.0 |
  Orcish Mines |   2358 |   2223 |    135 |    580 |   1007 |   2 | 1179.0 |
       Volcano |    206 |    206 |      0 |      8 |     56 |   1 |  206.0 |
               +--------+--------+--------+--------+--------+-----+--------+

Top non-repeatable levels by time:
     D:7: 1508 daAuts
     D:5: 1493 daAuts
     D:6: 1428 daAuts
  Lair:5: 1411 daAuts
   Orc:2: 1280 daAuts
   Orc:1: 1077 daAuts
     D:8: 1062 daAuts
    D:10: 1029 daAuts
  Lair:2: 992 daAuts
  Lair:3: 981 daAuts
  Lair:1: 918 daAuts
  Lair:4: 895 daAuts
    D:11: 855 daAuts
     D:3: 846 daAuts
     D:2: 730 daAuts
